 Dungeon Crawl Stone Soup version 0.27.1-33-g824d729ab1 (webtiles) character file.

Game seed: 7353170856272500610

37 SensoryNuts the Skirmisher (level 3, -5/31 HPs)
             Began as a Draconian Fighter on Dec 6, 2021.
             Slain by Terence (8 damage)
             ... on level 2 of the Dungeon.
             The game lasted 00:01:23 (1005 turns).

SensoryNuts the Skirmisher (Draconian Fighter)      Turns: 1005, Time: 00:01:24

Health: -5/31      AC:  5    Str: 19    XL:     3   Next: 21%
Magic:  3/3        EV: 10    Int:  8    God:
Gold:   50         SH:  9    Dex: 10    Spells: 2/2 levels left

rFire    . . .     SeeInvis .   a - +0 war axe
rCold    . . .     Faith    .   b - +0 kite shield
rNeg     . . .     Spirit   .   (armour unavailable)
rPois    .         Reflect  .   (helmet restricted)
rElec    .         Harm     .   (no cloak)
rCorr    .         Rampage  .   (no gloves)
Will     .....                  (no boots)
Stlth    +.........             (no amulet)
HPRegen  0.10/turn              (no ring)
MPRegen  0.08/turn              (no ring)

@: no status effects
A: AC +5, unfitting armour, cold-blooded
a: no special abilities


You were on level 2 of the Dungeon.
You visited 1 branch of the dungeon, and saw 2 of its levels.

You collected 50 gold pieces.

Inventory:

Hand Weapons
 a - a +0 war axe (weapon)
 f - a +0 dagger
Armour
 b - a +0 kite shield (worn)
Scrolls
 d - a scroll of enchant armour {unknown}
 g - 2 scrolls of identify {unknown}
Potions
 c - a potion of might
 e - a potion of attraction {unknown}


   Skills:
 + Level 3.6 Fighting
 + Level 2.5 Axes
 + Level 3.1 Dodging
 + Level 3.3 Shields


You had 2 spell levels left.
You didn't know any spells.
Your spell library was empty.

Dungeon Overview and Level Annotations

Branches:
Dungeon (2/15)

Altars:

Annotations:
D:2 Terence


Innate Abilities, Weirdness & Mutations

Your plain brown scales are hard. (AC +5)
You cannot fit into any form of body armour.
You are cold-blooded and may be slowed by cold attacks.


Message History

You block the endoplasm's attack.
You hit the endoplasm.
The endoplasm is lightly wounded.
The endoplasm hits you but does no damage.
You slash the endoplasm!
You kill the endoplasm!
You open the door.
There is an open door here.
Found 9 gold pieces.
An endoplasm comes into view.
An endoplasm is nearby!
An endoplasm is nearby!
The endoplasm quivers.
You see here 9 gold pieces.
Terence the Incautious comes into view.
He is wielding a +0 flail.
You block the endoplasm's attack.
There are monsters nearby!
There are monsters nearby!
There are monsters nearby!
There are monsters nearby!
You slash the endoplasm!
You kill the endoplasm!
Terence hits you with a +0 flail.
Unknown command.
Terence closely misses you.
You hit Terence but do no damage. You block Terence's attack.
You closely miss Terence. You tail-slap Terence.
Terence is lightly wounded.
Terence hits you with a +0 flail! Terence hits you with a +0 flail.
You slash Terence!
Your tail-slap misses Terence.
Terence is heavily wounded.
Terence hits you with a +0 flail! You block Terence's attack.
You barely miss Terence.
Terence is heavily wounded.
Terence hits you with a +0 flail!
* * * LOW HITPOINT WARNING * * *
You hit Terence but do no damage.
Your tail-slap misses Terence.
Terence is heavily wounded.
Terence misses you. Terence hits you with a +0 flail!
You die...

.... ##### ###.... ....#
....... ....######+##
....... ...††...#≈≈≈###
.......
####..#.'≈§§+.###.......
# ##.###≈≈≈#.##........
# #.# #+##$..@## #
#.####......@.# #
#......######.....
#...#### ...## #..#....
.### ....###..... ##
#.... .#### #.... ##
#....


You could see Terence.

Vanquished Creatures
  A dart slug (D:1)
  3 endoplasms
  4 giant cockroaches (D:1)
  3 goblins (D:1)
  5 hobgoblins
  4 quokkas (D:1)
  A ball python (D:1)
  3 bats (D:1)
  2 frilled lizards (D:1)
  A kobold (D:1)
  3 rats
30 creatures vanquished.

Notes
Turn   | Place    | Note
-------+----------+-------------------------------------------
     0 | D:1      | SensoryNuts the Draconian Fighter began the quest for the
                  | Orb.
     0 | D:1      | Reached XP level 1. HP: 19/19 MP: 1/1
   158 | D:1      | Reached XP level 2. HP: 23/26 MP: 2/2
   797 | D:1      | Reached XP level 3. HP: 31/31 MP: 3/3
   998 | D:2      | Noticed Terence
  1005 | D:2      | Slain by Terence

Illustrated notes

Levels and vault maps discovered:
D:1:      dpeg_arrival_rooms_a, layout_rooms, grunt_decor_clamped
D:2:      layout_rooms, serial_shops, shop, grunt_decor_mini_mirrors,
          minmay_crystal_room, minmay_liquid_box, minmay_pentomino_z4,
          uniq_terence

Skill      XL: |  1  2 |
---------------+-------+-----
Dodging        | 3 |  3.1
Fighting       | |  3.6
Axes           | |  2.5
Shields        | |  3.3

Action                   || total
-------------------------++-------
Melee: War axe           ||    75
       Tailslap          ||     6
Armor: Skin              ||    39
Dodge: Dodged            ||    63
Block: Kite shield       ||    78
